cohdb
Replays
Latest Replays
All Replays
Popular Replays
Top Player Replays
Match Explorer
How It Works
Community
CoH3 Stats
Reddit
Sign in to upload your games and track your stats! →
Sign in with Steam
Match 44193186
Unlisted
Match 44193186
Overview
Messages
Build Orders
End
Scout Squad
Selects Airborne Battlegroup
Selects Heavy Machine Gun Paradrop
Heavy Machine Gun Paradrop
Engineer Squad
Heavy Machine Gun Paradrop
Construct Medical Station
Infantry Support Center
Selects Paratrooper Squad Paradrop
Construct Weapon Support Center
M3 Armored Personnel Carrier
Selects Recon Loiter
M3 Armored Personnel Carrier
Selects Supply Drop
Paratrooper Squad Paradrop
Supply Drop
M3 Armored Personnel Carrier
Recon Loiter
Supply Drop
Heavy Machine Gun Paradrop
Recon Loiter
Heavy Machine Gun Paradrop
Supply Drop
Recon Loiter
Bego
Eilte
Symbiosis
CAuMOH
0
0
Comments
sign in to comment!
No comments posted yet!